 Dungeon Crawl Stone Soup version 0.26.1-10-gdfb7c7de75 (webtiles) character file.

Game seed: 16482168132115982937

119 MalarOregon the Sneak (level 5, -9/33 HPs)
             Began as a Halfling Hedge Wizard on Apr 3, 2021.
             Killed by divine providence
             ... invoked by an orc priest
              (12 damage)
             ... on level 4 of the Dungeon.
             The game lasted 00:09:51 (4654 turns).

MalarOregon the Sneak (Halfling Hedge Wizard)       Turns: 4654, Time: 00:09:52

Health: -9/33      AC:  3    Str: 12    XL:     5   Next: 23%
Magic:  9/9        EV: 12    Int: 12    God:
Gold:   180        SH:  7    Dex: 14    Spells: 4/9 levels left

rFire    . . .     SeeInvis .   w - +1 dagger (protect)
rCold    . . .     Faith    .   u - +0 kite shield
rNeg     . . .     Spirit   .   f - +0 leather armour
rPois    +         Reflect  .   c - +0 hat
rElec    .         Harm     .   (no cloak)
rCorr    .         Rampage  .   (no gloves)
Will     .....                  (no boots)
Stlth    ++........             (no amulet)
HPRegen  0.11/turn              j - ring of poison resistance
MPRegen  0.11/turn              (no ring)

@: no status effects
A: small, mutation resistance 1
a: no special abilities


You were on level 4 of the Dungeon.
You visited 1 branch of the dungeon, and saw 4 of its levels.

You collected 180 gold pieces.

Inventory:

Hand Weapons
 w - a +1 dagger of protection (weapon)
   (You took it off a goblin on level 3 of the Dungeon)
Missiles
 v - 4 poisoned darts (quivered)
Armour
 c - a +0 hat (worn)
 d - a +0 scale mail
   (You found it on level 1 of the Dungeon)
 f - a +0 leather armour (worn)
   (You found it on level 1 of the Dungeon)
 u - a +0 kite shield (worn)
   (You took it off a goblin on level 3 of the Dungeon)
Jewellery
 j - a ring of poison resistance (left hand)
   (You found it on level 2 of the Dungeon)
 s - an uncursed ring of ice
   (You found it on level 2 of the Dungeon)
Scrolls
 b - 2 scrolls of enchant weapon {unknown}
 e - a scroll of amnesia {unknown}
 g - 2 scrolls of fear {unknown}
 h - 2 scrolls of teleportation {unknown}
 k - 2 scrolls of remove curse {@r2}
 p - a scroll of identify {unknown}
 q - a scroll of fog {unknown}
Potions
 i - a potion of curing {unknown}
 l - a potion of might {unknown}
 m - a potion of mutation {unknown}
 n - a potion of brilliance {unknown}
 o - a potion of haste {unknown}
 r - a potion of degeneration {unknown}
 t - a potion of ambrosia {unknown}


   Skills:
 + Level 1.3 Fighting
 + Level 1.9 Short Blades
 + Level 1.6 Armour
 + Level 3.0 Dodging
 + Level 3.1 Stealth
 + Level 0.1 Shields
 + Level 2.7 Spellcasting
 - Level 0.7 Conjurations
 - Level 0.7 Summonings
 - Level 1.1 Translocations


You had 4 spell levels left.
You knew the following spells:

 Your Spells              Type           Power        Failure   Level
a - Magic Dart            Conj           12%          86%         1
b - Blink                 Tloc           N/A          91%         2
x - Call Imp              Summ           3%           94%         2

Your spell library contained the following spells:

 Spells                   Type           Power        Failure   Level
 Slow                     Hex            1%           98%         2
 Conjure Flame            Conj/Fire      2%           99%         3
 Mephitic Cloud           Conj/Pois/Air  2%           99%         3


Dungeon Overview and Level Annotations

Branches:
Dungeon (4/15)
 Temple: D:4-7

Altars:
Ashenzari
Cheibriados

Annotations:
D:3 1 runed translucent door, Jaiteiro's ghost, amateur GnTm


Innate Abilities, Weirdness & Mutations

You are small and have problems with some larger weapons.
You are somewhat resistant to further mutation.


Message History

The worm misses you.
You hit the worm. You hit the worm. The worm bites you.
You hit the worm.
Your shield prevents you from hitting the worm.
The worm closely misses you.
You barely miss the worm. The worm bites you but does no damage.
You hit the worm. You barely miss the worm.
The worm bites you but does no damage.
You hit the worm.
You kill the worm!
No target in view!
No target in view!
There is a stone staircase leading up here.
There is a stone staircase leading up here.
There is a stone staircase leading up here.
The adder hisses angrily.
Key pressed, stopping explore.
Could not explore, unopened runed door.
Could not explore, unopened runed door.
Could not explore, unopened runed door.
You see here an uncursed ring of teleportation.
There is a stone staircase leading down here.
You climb downwards.
Found 12 gold pieces.
There is a stone staircase leading up here.
You now have 180 gold pieces (gained 12).
A hound comes into view.
Found a leather armour.
A hound is nearby!
A hound is nearby!
An orc priest comes into view. It is wielding a +0 flail.
The hound barks!
An orc comes into view.
The orc moves out of view.
An orc priest comes into view. It is wielding a -1 club.
The orc priest shouts! x2
The orc priest hits you with a +0 flail!
There are monsters nearby!
The hound barely misses you. You block the hound's attack.
The orc priest mumbles some strange prayers to Beogh against you.
Pain shoots through your body!
* * * LOW HITPOINT WARNING * * *
The hound closely misses you.
The orc priest calls down the wrath of Beogh upon you.
Pain shoots through your body!
* * * LOW HITPOINT WARNING * * *
The orc priest calls down the wrath of Beogh upon you.
Beogh smites you!
You die...

# #.#### #.
#...... #.
##..o....
#.##o.#
#...o##
#.....## ##
.......#..##
..
.[##..###.h##
.# . ##.
###@###.# #.
##...#
#.######.###
#....<..#
#######.# ###


You could see a hound and 2 orc priests.

Vanquished Creatures
  A worker ant (D:4)
  An ooze (D:3)
  3 worms (D:3)
  2 dart slugs (D:1)
  6 leopard geckos
  5 bats
  5 giant cockroaches
  4 hobgoblins
  7 jackals
  4 kobolds
  A quokka (D:3)
  2 ball pythons
  5 frilled lizards
  10 goblins
  3 rats
59 creatures vanquished.

Vanquished Creatures (collateral kills)
  An adder (D:2)
1 creature vanquished.

Grand Total: 60 creatures vanquished

Notes
Turn   | Place    | Note
-------+----------+-------------------------------------------
     0 | D:1      | MalarOregon the Halfling Hedge Wizard began the quest for
                  | the Orb.
     0 | D:1      | Reached XP level 1. HP: 11/11 MP: 3/3
   316 | D:1      | Reached XP level 2. HP: 11/17 MP: 5/5
   669 | D:1      | Reached skill level 1 in Short Blades
   824 | D:1      | Reached XP level 3. HP: 11/22 MP: 6/6
  1269 | D:1      | Learned a level 2 spell: Blink
  1272 | D:1      | Learned a level 2 spell: Call Imp
  1405 | D:2      | Reached skill level 1 in Armour
  1849 | D:2      | You fall into a shaft and drop 2 floors!
  1859 | D:4      | Reached skill level 1 in Fighting
  1859 | D:4      | Reached XP level 4. HP: 13/28 MP: 7/7
  2952 | D:3      | Found a broken altar of Ashenzari.
  2960 | D:3      | Reached XP level 5. HP: 33/33 MP: 4/9
  3424 | D:3      | Found a runed translucent door.
  3430 | D:3      | Noticed Jaiteiro's ghost (amateur GnTm)
  3449 | D:3      | Noticed a torpor snail
  3450 | D:3      | Found a snail-covered altar of Cheibriados.
  3450 | D:3      | Noticed a torpor snail
  3452 | D:3      | Noticed a torpor snail
  3942 | D:3      | Found a runed translucent door.
  4138 | D:3      | Found a broken altar of Ashenzari.
  4319 | D:3      | Found a snail-covered altar of Cheibriados.
  4654 | D:4      | Killed from afar by an orc priest

Illustrated notes

Levels and vault maps discovered:
D:1:      ncdulo_wetmaze, layout_rooms
D:2:      layout_basic
D:3:      layout_loops_ring, cheibriados_altar_2, cheibrodos_ashenzari_chains,
          ebering_ghost_sewer_d, kennysheep_generic_room_14
D:4:      layout_layer_cave, grunt_dithmenos_smoke_and_mirrors

Skill      XL: |  1  2  3  4 |
---------------+-------------+-----
Short Blades   | 1 |  1.9
Armour         | 1 |  1.6
Fighting       | 1 |  1.3
Stealth        | 3 |  3.1
Dodging        | 3 |  3.0
Shields        | |  0.1
Spellcasting   | |  2.7
Conjurations   | |  0.7
Summonings     | |  0.7
Translocations | |  1.1

Action                   |  1- 3 |  4- 6 || total
-------------------------+-------+-------++-------
Melee: Dagger            |   218 |   134 ||   352
Throw: Dart              |       |     2 ||     2
 Cast: Magic Dart        |     2 |    15 ||    17
       Call Imp          |       |     1 ||     1
  Use: Scroll            |       |     1 ||     1
 Stab: Sleeping          |     1 |     8 ||     9
Armor: Robe              |     4 |       ||     4
       Scale mail        |    38 |       ||    38
       Leather armour    |    20 |    18 ||    38
Dodge: Dodged            |   135 |    68 ||   203
Block: Kite shield       |       |    12 ||    12
